 Dungeon Crawl Stone Soup version 0.16-a0-3736-g4b94454 (webtiles) character file.

430 Johnny the Ducker (level 6, -5/45 HPs)
             Began as an Octopode Fighter on Jan 22, 2015.
             Was an Initiate of the Shining One.
             Slain by Prince Ribbit (19 damage)
             ... on level 4 of the Dungeon.
             The game lasted 00:03:37 (3214 turns).

Johnny the Ducker (Octopode Fighter)                Turns: 3214, Time: 00:03:37

Health: -5/45      AC:  1    Str: 15    XL:     6   Next: 99%
Magic:  6/6        EV: 12    Int: 10    God:    the Shining One [......]
Gold:   253        SH:  9    Dex: 14    Spells: 0 memorised, 5 levels left

rFire  . . .     SeeInvis .     a - +0 long sword
rCold  . . .     Clarity  .     c - +0 shield
rNeg   . . .     SustAb   .     (helmet restricted)
rPois  .         Gourm    .     x - amulet of resist corrosion
rElec  .         Spirit   .     (no ring)
rCorr  +         Warding  .     (no ring)
rMut   .         Stasis   .     (no ring)
MR     .....                    (no ring)
Stlth  ++........               (no ring)
                                (no ring)
                                (no ring)
                                (no ring)

@: not resistant to hostile enchantments, unstealthy
A: almost no armour, amphibious, 8 rings, constrict 8, camouflage 1, gelatinous
body 1
a: Renounce Religion


You were on level 4 of the Dungeon.
You worshipped the Shining One.
The Shining One was noncommittal.
You were not hungry.

You visited 2 branches of the dungeon, and saw 5 of its levels.

You collected 253 gold pieces.

Inventory:

Hand weapons
 a - a +0 long sword (weapon)
Armour
 c - a +0 shield (worn)
Jewellery
 x - an amulet of resist corrosion (around mantle)
Magical devices
 t - a wand of random effects (12)
Scrolls
 b - 2 scrolls of immolation {unknown}
 h - a scroll of enchant weapon {unknown}
 l - 3 scrolls of teleportation {unknown}
 m - 4 scrolls of remove curse {unknown}
 o - 7 scrolls of identify {unknown}
 p - a scroll of recharging {unknown}
 q - a scroll of amnesia {unknown}
 s - a scroll of blinking {unknown}
Potions
 e - a potion of might
 f - 2 potions of heal wounds {unknown}
 g - 2 potions of curing {unknown}
 j - 2 potions of cancellation
 k - 2 potions of resistance {unknown}
 u - 2 potions of poison {unknown}
 w - a potion of brilliance {unknown}
Comestibles
 d - 3 bread rations
 i - a beef jerky
 r - 2 fruits
 v - a meat ration


   Skills:
 * Level 4.9 Fighting
 + Level 3.3 Long Blades
 * Level 5.0 Dodging
 + Level 4.2 Shields


You had 5 spell levels left.
You didn't know any spells.

Dungeon Overview and Level Annotations

Branches:
Dungeon (4/15)             Temple (1/1) D:4

Altars:
Cheibriados
Dithmenos
Fedhas
Gozag
Okawaru
Qazlal
Ru
Sif Muna
Trog
Xom
Yredelemnul
Zin
The Shining One

Shops:
D:4 (

Annotations:
D:4 Prince Ribbit


Innate Abilities, Weirdness & Mutations

You cannot wear most types of armour.
You are amphibious.
You can wear up to eight rings at the same time.
You can use your tentacles to constrict many enemies at once.
Your skin changes colour to match your surroundings (Stealth).
Your rubbery body absorbs attacks (AC +1).


Message History

You block the orc's attack.
You hit the orc but do no damage. You squeeze the orc, but do no damage.
The orc is severely wounded.
You constrict the orc. The orc closely misses you.
You hit the orc.
You kill the orc!
The ooze closely misses you.
You completely miss the ooze. The ooze hits you.
The rat bites you but does no damage.
Unknown command.
You slash the ooze! You squeeze the ooze.
You kill the ooze!
Prince Ribbit hits you!
Prince Ribbit momentarily phases out as your attack passes through him.
Your grab misses Prince Ribbit. Your squeeze misses Prince Ribbit.
Prince Ribbit barely misses you.
You completely miss Prince Ribbit. Your grab misses Prince Ribbit.
Your squeeze passes through Prince Ribbit as he momentarily phases out.
Prince Ribbit hits you! Prince Ribbit hits you!!
You die...

#..####......
##.## #.#####
#..# #.###.#
#.## #.>....
#.# ####...
###.# #...
#...# #...
#####!###
#... #rF@..#
##.#
#....w#####
#. ....... #.
....... #.
......> #
...... ..###
# # ###


You could see Prince Ribbit, a worm and a rat.

Vanquished Creatures
  Sigmund (D:4)
  Blork the orc (D:4)
  A scorpion (D:4)
  A hound (D:4)
  An orc wizard (D:4)
  A giant frog skeleton (D:4)
  An orc priest (D:4)
  2 worker ants (D:4)
  4 adders
  A worm (D:2)
  2 orcs (D:4)
  A giant cockroach (D:3)
  7 hobgoblins
  An ooze (D:4)
  9 bats
  3 giant geckos
  3 giant newts
  7 goblins
  7 kobolds
  7 rats
  A fungus (D:1)
62 creatures vanquished.

Notes
Turn   | Place    | Note
--------------------------------------------------------------
     0 | D:1      | Johnny, the Octopode Fighter, began the quest for the Orb.
     0 | D:1      | Reached XP level 1. HP: 16/16 MP: 1/1
   228 | D:1      | Reached XP level 2. HP: 15/21 MP: 2/2
   353 | D:1      | Found a shimmering altar of Xom.
   831 | D:2      | Reached XP level 3. HP: 23/26 MP: 3/3
  1679 | D:3      | Reached XP level 4. HP: 29/31 MP: 4/4
  2128 | D:4      | Noticed Blork the orc
  2136 | D:4      | Killed Blork the orc
  2136 | D:4      | Reached skill level 4 in Fighting
  2136 | D:4      | Reached XP level 5. HP: 12/37 MP: 5/5
  2366 | D:4      | Reached XP level 6. HP: 38/44 MP: 6/6
  2523 | D:4      | Found a staircase to the Ecumenical Temple.
  2566 | Temple   | Entered the Ecumenical Temple
  2774 | Temple   | Became a worshipper of the Shining One
  2819 | D:4      | Found Miruecig's Weapon Emporium.
  2968 | D:4      | Noticed Sigmund
  2981 | D:4      | Killed Sigmund
  2981 | D:4      | Reached skill level 5 in Dodging
  3207 | D:4      | Noticed Prince Ribbit
  3214 | D:4      | Slain by Prince Ribbit

Action                   |  1- 3 |  4- 6 || total
-------------------------+-------+-------++-------
Melee: Long sword        |    69 |    73 ||   142
  Use: Potion            |       |     2 ||     2
 Stab: Sleeping          |     4 |     4 ||     8
  Eat: Chunk             |     2 |     3 ||     5
       Royal jelly       |       |     1 ||     1
